Map: Catallena LE (Void)

Players

PandaBearMe - Winner!

  • Race: Zerg Zerg
  • Spawn Location: 12:00

Hymy

  • Race: Protoss Protoss
  • Spawn Location: 9:00

Event: WCS Montreal 2017

VOD

Have the link to the VOD?

Description

Time

  • Played on: Sept. 8, 2017, 1:05 p.m.
  • Length: 9:08

All games in this series

Show
View Real Time Build Order
Export as new Build Order

PandaBearMe Zerg - Winner!

Build Orders: Hatch First 

Get SALT Encoding   

  12  0:02  Drone  
  13  0:12  Overlord  
  13  0:17  Drone  
  14  0:30  Drone x2  
  16  0:50  Hatchery  
  16  0:53  Drone  
  16  0:56  Drone  
  17  1:00  Drone  
  17  1:02  Extractor  
  17  1:17  Spawning Pool  
  16  1:19  Drone  
  16  1:24  Drone  
  18  1:28  Drone  
  19  1:41  Drone  
  20  1:49  Overlord  
  20  2:04  Queen  
  20  2:05  Queen, Metabolic Boost  
  24  2:09  Zergling x2  
  24  2:12  Drone  
  26  2:21  Drone x2  
  28  2:26  Drone  
  28  2:27  Drone  
  30  2:41  Overlord  
  30  2:47  Hatchery  
  30  2:48  Zergling x2  
  30  2:51  Drone  
  31  2:53  Drone  
  31  2:57  Overlord  
  32  3:00  Drone  
  33  3:08  Drone x2  
  35  3:15  Overlord  
  35  3:16  Drone x3  
  35  3:18  Drone  
  39  3:22  Drone x2  
  39  3:26  Drone  
  42  3:34  Drone  
  42  3:35  Lair  
  42  3:38  Roach Warren  
  42  3:42  Queen  
  42  3:47  Drone  
  45  3:50  Extractor  
  45  3:51  Drone x3  
  47  3:56  Drone  
  47  3:57  Drone x2  
  50  4:03  Drone  
  50  4:04  Drone  
  50  4:06  Evolution Chamber  
  50  4:07  Drone  
  52  4:14  Overlord  
  52  4:15  Drone  
  53  4:20  Roach  
  53  4:21  Roach x4  
  63  4:24  Spore Crawler  
  63  4:27  Roach x2  
  66  4:34  Extractor, Overlord  
  66  4:35  Drone x2  
  66  4:36  Drone  
  68  4:40  Drone  
  68  4:41  Overseer  
  68  4:44  Drone x2  
  71  4:49  Drone x2  
  71  4:50  Drone  
  71  4:51  Extractor  
  71  4:52  Overlord, Drone  
  74  4:58  Drone x3  
  77  5:05  Overlord  
  77  5:07  Zerg Missile Weapons Level 1, Glial Reconstitution  
  77  5:12  Overlord, Drone  
  77  5:13  Roach, Drone  
  81  5:20  Overlord, Drone  
  81  5:21  Roach  
  84  5:24  Overseer  
  77  5:38  Roach x2  
  77  5:39  Roach x4  
  91  5:48  Hatchery  
  91  5:49  Roach x2  
  92  5:54  Roach  
  92  5:56  Extractor  
  93  5:57  Roach x2  
  93  6:01  Roach  
  93  6:03  Spore Crawler  
  97  6:06  Roach  
  99  6:23  Overlord  
  98  6:29  Roach  
  98  6:30  Overlord x3  
  98  6:46  Roach x7  
  108  6:53  Roach  
  108  6:54  Roach x2  
  106  6:56  Roach x2  
  106  6:58  Roach  
  106  7:00  Roach  
  110  7:01  Roach  
  102  7:08  Roach  
  102  7:09  Roach  
  102  7:13  Roach x2  
  108  7:20  Roach  
  108  7:22  Roach x2  
  114  7:28  Roach x2  
  114  7:30  Roach  
  112  7:38  Roach x3  
  112  7:39  Roach  
  112  7:40  Roach x2  
  122  7:45  Roach x2  
  122  7:49  Roach  
  120  7:54  Roach  
  120  7:57  Roach  
  110  8:00  Roach  
  110  8:02  Queen  
  110  8:04  Roach x5  
  120  8:06  Roach  
  120  8:08  Roach  
  122  8:15  Roach x2  
  124  8:20  Roach x2  
  116  8:27  Extractor, Spire  
  104  8:44  Drone x7  
  104  8:45  Drone x3  
Show
View Real Time Build Order
Export as new Build Order

Hymy Protoss 

Build Orders: 1 Gate Expand, Zealot Archon, Dark Templar Rush 

Get SALT Encoding   

  12  0:01  Probe (Chrono Boost)  
  13  0:11  Probe (Chrono Boost)  
  14  0:20  Pylon  
  14  0:23  Probe (Chrono Boost)  
  15  0:38  Probe (Chrono Boost)  
  15  0:41  Gateway  
  16  0:49  Probe (Chrono Boost)  
  17  0:50  Assimilator  
  17  0:59  Probe (Chrono Boost)  
  18  1:11  Probe (Chrono Boost)  
  19  1:21  Probe (Chrono Boost)  
  20  1:29  Nexus  
  20  1:40  Cybernetics Core  
  20  1:43  Probe (Chrono Boost)  
  21  1:50  Assimilator  
  21  1:55  Probe (Chrono Boost)  
  21  1:59  Pylon  
  22  2:06  Probe (Chrono Boost)  
  23  2:17  Probe (Chrono Boost), Adept (Chrono Boost)  
  23  2:19  Warp Gate  
  26  2:29  Mothership Core (Chrono Boost)  
  28  2:41  Twilight Council  
  28  2:42  Probe (Chrono Boost)  
  29  2:47  Probe (Chrono Boost)  
  32  2:56  Probe (Chrono Boost)  
  31  2:59  Probe (Chrono Boost)  
  31  3:00  Robotics Facility  
  32  3:07  Probe (Chrono Boost)  
  32  3:11  Probe (Chrono Boost)  
  34  3:17  Probe (Chrono Boost), Gateway  
  35  3:22  Probe (Chrono Boost)  
  36  3:30  Probe (Chrono Boost)  
  36  3:31  Dark Shrine  
  36  3:33  Probe (Chrono Boost)  
  38  3:40  Probe (Chrono Boost)  
  39  3:42  Gateway  
  39  3:44  Probe (Chrono Boost)  
  40  3:51  Gateway  
  41  3:55  Probe (Chrono Boost)  
  41  4:00  Probe (Chrono Boost), Warp Prism (Chrono Boost)  
  44  4:08  Pylon  
  44  4:09  Probe, Assimilator  
  45  4:12  Probe, Assimilator  
  46  4:21  Pylon  
  46  4:25  Probe  
  46  4:26  Probe  
  48  4:36  Probe (Chrono Boost), Charge  
  48  4:37  Pylon  
  49  4:43  Probe (Chrono Boost)  
  50  4:48  Probe (Chrono Boost)  
  50  4:52  Dark Templar x3  
  57  4:56  Dark Templar  
  59  5:01  Pylon  
  59  5:03  Probe (Chrono Boost)  
  59  5:04  Probe (Chrono Boost)  
  61  5:14  Probe (Chrono Boost), Immortal (Chrono Boost)  
  62  5:15  Probe (Chrono Boost)  
  67  5:26  Probe  
  68  5:41  Probe  
  63  5:43  Nexus  
  63  5:44  Sentry x2  
  63  5:46  Dark Templar, Pylon  
  69  6:01  Immortal (Chrono Boost)  
  73  6:06  Gateway  
  73  6:08  Gateway  
  73  6:09  Dark Templar, Sentry  
  73  6:10  Forge  
  78  6:11  Probe  
  78  6:13  Probe  
  78  6:18  Archon  
  79  6:29  Dark Templar x2  
  83  6:38  Sentry  
  84  6:43  Zealot  
  84  6:46  Pylon x2  
  63  7:05  Probe  
  63  7:08  Zealot x3  
  61  7:16  Probe  
  61  7:21  Probe  
  64  7:26  Zealot x3  
  66  7:32  Stalker x3  
  70  7:39  Immortal (Chrono Boost)  
  67  7:48  Sentry, Dark Templar  
  67  7:49  Dark Templar  
  59  8:03  Probe  
  52  8:18  Zealot x3  
  55  8:20  Probe  
  55  8:25  Probe  
  48  8:27  Probe  
  50  8:40  Dark Templar x2  
  50  8:41  Probe  
  47  8:50  Archon  
  44  9:05  Pylon  
Tags
 
Add a new tag
Caveats
  • Supply blocks, unpowered buildings, or Contaminate may cause inaccurate times.
  • Supply counts are checked every 10 seconds.